 Dungeon Crawl Stone Soup version 0.28-a0-8-g6e044cfa68 (webtiles) character file.

Game seed: 28398017599170845

361 cowhearter the Sneak (level 6, -12/48 HPs)
             Began as a Demonspawn Delver on July 23, 2021.
             Mangled by an ogre (24 damage)
             ... on level 4 of the Dungeon.
             The game lasted 00:07:18 (5838 turns).

cowhearter the Sneak (Demonspawn Delver)            Turns: 5838, Time: 00:07:19

Health: -12/48     AC: 12    Str: 14    XL:     6   Next: 38%
Magic:  6/6        EV:  4    Int: 18    God:
Gold:   139        SH:  0    Dex: 14    Spells: 5/5 levels left

rFire   . . .      SeeInvis .   a - +0 falchion
rCold   . . .      Faith    .   (no shield)
rNeg    . . .      Spirit   .   t - +0 plate armour
rPois   .          Reflect  .   r - +0 helmet
rElec   .          Harm     .   (no cloak)
rCorr   .          Rampage  .   (no gloves)
Will    .....                   (no boots)
Stlth   ..........              (no amulet)
HPRegen 0.16/turn               w - +6 ring of intelligence
MPRegen 0.10/turn               (no ring)

@: no status effects
A: claws 1, demonic guardian 1, spiny 1
a: no special abilities


You were on level 4 of the Dungeon.
You visited 1 branch of the dungeon, and saw 5 of its levels.

You collected 139 gold pieces.

Inventory:

Hand Weapons
 a - a +0 falchion (weapon)
Missiles
 p - a throwing net (quivered)
 s - 4 atropa-tipped darts
Armour
 b - a +0 leather armour
 r - a +0 helmet (worn)
 t - a +0 plate armour (worn)
Jewellery
 w - a +6 ring of intelligence (left claw)
Wands
 g - a wand of digging (3)
Scrolls
 c - 2 scrolls of fog
 d - 2 scrolls of magic mapping
 e - a scroll of fear
 i - 2 scrolls of enchant weapon {unknown}
 j - 3 scrolls of vulnerability {unknown}
 m - a scroll of blinking {unknown}
 n - a scroll of enchant armour {unknown}
 u - 2 scrolls of teleportation {unknown}
 v - 3 scrolls of identify {unknown}
 x - a scroll of summoning {unknown}
Potions
 f - 3 potions of haste
 h - a potion of curing {unknown}
 k - a potion of cancellation {unknown}
 l - a potion of heal wounds
 o - 2 potions of flight {unknown}
 q - a potion of brilliance {unknown}


   Skills:
 + Level 3.9 Fighting
 + Level 4.0 Long Blades
 + Level 2.5 Armour
 + Level 2.1 Dodging
 - Level 5.4 Stealth


You had 5 spell levels left.
You didn't know any spells.
Your spell library was empty.

Dungeon Overview and Level Annotations

Branches:
Dungeon (5/15)
 Temple: D:4-7

Altars:
The Shining One


Innate Abilities, Weirdness & Mutations

You have sharp fingernails.
A weak demonic guardian rushes to your aid.
You are partially covered in sharp spines.


Message History

Found an escape hatch in the floor.
There is a stone staircase leading down here.
Things that are here:
a +0 club; a goblin skeleton You see here a +0 whip.
Done exploring.
Done exploring.
You see here a +0 whip.
You see here a +0 war axe.
There is a stone staircase leading down here.
You climb downwards.
There is a stone staircase leading up here.
Done exploring.
Unknown command.
Unknown command.
There is a stone staircase leading down here.
You climb downwards.
The centaur zombie hits you but does no damage.
The centaur zombie kicks you but does no damage.
The centaur zombie is struck by your spines.
The centaur zombie hits you but does no damage.
The centaur zombie kicks you but does no damage.
The ogre hits you with a +0 giant spiked club!!
There is a stone staircase leading up, spattered with blood here.
The centaur zombie hits you but does no damage.
The centaur zombie barely misses you.
The ogre hits you with a +0 giant spiked club!!
* * * LOW HITPOINT WARNING * * *
The centaur zombie hits you but does no damage.
The centaur zombie kicks you but does no damage.
You climb upwards.
There is a stone staircase leading down here.
You hit the ogre.
The ogre is lightly wounded.
The ogre barely misses you.
You hit the ogre.
The ogre is moderately wounded.
The ogre hits you with a +0 giant spiked club!!
Ouch! That really hurt!
You die...

#####.........#.........##.#.# #
###..#....#########.##.#.### #
##.###...........#........#
######.## ##..........#..#.#...#
....#.## ##.#.......#........#
.......## ##.##.......#..#..#..#
...)##..###.###.......#..##.#..#
######...#.......O....#......>.#
## #.......##.@....<#.......##
.# ###.##################.### ##
#.######## #.# # #.#......# #[#
#.#......# #.# #####
#.#.####.###########.#
#...####.#.#................#
......##.....##.#############
........##......#


You could see an ogre.

Vanquished Creatures
  An ice beast (D:3)
  A crimson imp (D:3)
  2 hounds (D:4)
  A hound zombie (D:5)
  8 adders
  A worm (D:3)
  A dart slug (D:2)
  2 orcs
  7 bats
  5 endoplasms
  A giant cockroach (D:4)
  7 goblins
  7 hobgoblins
  11 jackals
  4 quokkas
  7 ball pythons
  6 frilled lizards
  2 goblin zombies (D:3)
  4 hobgoblin zombies (D:3)
  6 kobolds
  A kobold skeleton (D:3)
  An orc skeleton (D:3)
  2 orc zombies (D:3)
  4 rats
92 creatures vanquished.

Vanquished Creatures (collateral kills)
  A shadow imp (D:4)
  A jackal (D:4)
2 creatures vanquished.

Grand Total: 94 creatures vanquished

Notes
Turn   | Place    | Note
-------+----------+-------------------------------------------
     0 | D:5      | cowhearter the Demonspawn Delver began the quest for the
                  | Orb.
     0 | D:5      | Reached XP level 1. HP: 18/18 MP: 1/1
   115 | D:5      | Gained mutation: A weak demonic guardian rushes to your
                  | aid. [demonic ancestry]
   115 | D:5      | Reached XP level 2. HP: 13/24 MP: 2/2
   277 | D:5      | Noticed an ogre
   287 | D:5      | Noticed an ogre
   458 | D:4      | Reached skill level 5 in Stealth
   824 | D:4      | Reached XP level 3. HP: 15/29 MP: 3/3
  1197 | D:4      | HP: 1/29 [shadow imp (3)]
  1201 | D:4      | Reached skill level 1 in Armour
  1570 | D:4      | Reached XP level 4. HP: 25/35 MP: 4/4
  2374 | D:2      | Gained mutation: You have sharp fingernails. [demonic
                  | ancestry]
  2374 | D:2      | Reached XP level 5. HP: 31/41 MP: 5/5
  2657 | D:1      | Found a faded altar of an unknown god.
  5377 | D:3      | Gained mutation: You are partially covered in sharp spines.
                  | [demonic ancestry]
  5377 | D:3      | Reached XP level 6. HP: 31/48 MP: 6/6
  5583 | D:3      | Noticed an ice beast
  5594 | D:3      | Killed an ice beast
  5838 | D:4      | Mangled by an ogre

Illustrated notes

Levels and vault maps discovered:
D:1:      minmay_arrival_hallway, layout_loops_ring, basic_ecumenical_altar,
          minmay_octomino_e4
D:2:      layout_rooms, st_stairs_10
D:3:      layout_loops_ring, nicolae_tso_besieged_by_evil
D:4:      layout_loops_cross, nrook_uturn, feat_on_display
D:5:      layout_loops_ring, okawaru_ov_weapons_minmay,
          nicolae_overflow_hidden_temple, minmay_temple_entry_fiery,
          hangedman_abyss_or_decor_stabs, chequers_serial_rivers_small_a,
          kennysheep_generic_room_10

Skill      XL: |  1  2  3  4  5  6 |
---------------+-------------------+-----
Long Blades    | 2 3 4 |  4.0
Stealth        | 5 |  5.4
Armour         | 1 2 |  2.5
Dodging        | 2 |  2.1
Fighting       | |  3.9

Action                   |  1- 3 |  4- 6 || total
-------------------------+-------+-------++-------
Melee: Falchion          |    77 |   473 ||   550
 Stab: Sleeping          |     5 |     4 ||     9
       Distracted        |       |     2 ||     2
Armor: Leather armour    |    27 |    23 ||    50
       Plate armour      |       |   440 ||   440
Dodge: Dodged            |    55 |   151 ||   206
       Rpst.: Falchion   |    15 |    56 ||    71

Table legend: (Time is in decaauts)
 A = Elapsed time spent in this place.
 B = Non-inter-level travel time spent in this place.
 C = Inter-level travel time spent in this place.
 D = Time resting spent in this place.
 E = Time spent auto-exploring this place.
 F = Levels seen in this place.
 G = Mean time per level.
                   A        B        C        D        E       F      G
               +--------+--------+--------+--------+--------+-----+--------+
         Total |   5924 |   5814 |    110 |   2370 |   2402 |   5 | 1184.8 |
       Dungeon |   5924 |   5814 |    110 |   2370 |   2402 |   5 | 1184.8 |
               +--------+--------+--------+--------+--------+-----+--------+

Top non-repeatable levels by time:
     D:4: 1725 daAuts
     D:3: 1519 daAuts
     D:2: 1205 daAuts
     D:1: 1175 daAuts
     D:5: 298 daAuts
